 Dungeon Crawl Stone Soup version 0.24.0-123-gd5b16e6ec5 (webtiles) character file.

Game seed: 17708356255496901757, levelgen mode: deterministic

1363 Mrkan the Grappler (level 8, 0/80 HPs)
             Began as a Troll Hunter on Dec 17, 2019.
             Was an Initiate of Dithmenos.
             Slain by a vampire (2 damage)
             ... on level 6 of the Dungeon.
             The game lasted 00:07:32 (3619 turns).

Mrkan the Grappler (Troll Hunter)                   Turns: 3619, Time: 00:07:32

Health: 0/80       AC:  8    Str: 23    XL:     8   Next: 38%
Magic:  7/7        EV:  5    Int:  7    God:    Dithmenos [......]
Gold:   298        SH: 12    Dex: 10    Spells: 7/7 levels left

rFire    . . .     SeeInvis .     - Unarmed
rCold    . . .     Gourm    +   g - +0 large shield
rNeg     . . .     Faith    .   b - +0 robe
rPois    .         Spirit   .   (helmet restricted)
rElec    .         Reflect  .   r - +1 cloak
rCorr    .         Harm     .   (gloves unavailable)
MR       .....                  (boots unavailable)
Stlth    +.........             (no amulet)
HPRegen  0.63/turn              (no ring)
MPRegen  0.10/turn              (no ring)

@: no status effects
A: large, unfitting armour, claws 3, fast metabolism 3, gourmand, regeneration
1, shaggy fur 1, tough skin 3
a: Renounce Religion


You were on level 6 of the Dungeon.
You worshipped Dithmenos.
Dithmenos was noncommittal.
You were not hungry.

You visited 1 branch of the dungeon, and saw 6 of its levels.

You collected 298 gold pieces.

Inventory:

Missiles
 c - 5 large rocks (quivered)
 d - 2 throwing nets
Armour
 b - a +0 robe (worn)
 g - a +0 large shield (worn)
 r - a +1 cloak (worn)
Jewellery
 s - an uncursed ring of protection from magic {unknown}
 t - an uncursed ring of fire
 x - a cursed ring of teleportation {unknown}
 z - an uncursed ring of protection from fire {unknown}
Wands
 m - a wand of digging (4)
 y - a wand of random effects (25)
Scrolls
 a - 4 scrolls of teleportation {unknown}
 h - 4 scrolls of amnesia {unknown}
 l - 3 scrolls of remove curse {unknown}
 n - 6 scrolls of identify {unknown}
 o - a scroll of magic mapping {unknown}
 p - 2 scrolls of immolation {unknown}
 q - a scroll of blinking {unknown}
 u - 2 scrolls of fear {unknown}
 w - 2 scrolls of enchant weapon {unknown}
 A - a scroll of acquirement {unknown}
Potions
 e - 3 potions of haste {unknown}
 i - a potion of brilliance {unknown}
 j - a potion of cancellation {unknown}
 k - 4 potions of curing {unknown}
 v - 4 potions of mutation {unknown}
Comestibles
 f - 12 rations


   Skills:
 + Level 5.1 Fighting
 - Level 3.6 Throwing
 - Level 1.5 Dodging
 - Level 0.3 Stealth
 * Level 8.3 Unarmed Combat


You had 7 spell levels left.
You didn't know any spells.
Your spell library contained the following spells:

 Spells                   Type           Power        Failure   Level  Hunger
 Animate Skeleton         Necr           N/A          100%        1    ##.....
 Apportation              Tloc           #.....       100%        1    ##.....
 Confusing Touch          Hex            #.....       100%        1    ##.....
 Summon Small Mammal      Summ           #...         100%        1    ##.....
 Confuse                  Hex            #.......     100%        3    ####...
 Gell's Gravitas          Tloc           #.........   100%        3    ####...
 Petrify                  Tmut/Erth      #.......     100%        4    #####..
 Metabolic Englaciation   Hex/Ice        #.........   100%        5    ######.
 Yara's Violent Unravell  Hex/Tmut       #.........   100%        5    ######.


Dungeon Overview and Level Annotations

Branches:
Dungeon (6/15)
 Temple: D:4-7

Altars:
Dithmenos
Elyvilon
Hepliaklqana
Yredelemnul

Shops:
D:4 %


Innate Abilities, Weirdness & Mutations

You are too large for most types of armour.
You have claws for hands.
Your metabolism is lightning-fast.
You like to eat raw meat.
Your natural rate of healing is unusually fast.
You are covered in fur. (AC +1)
You have extremely tough skin. (AC +3)


Message History

Something draws strength from your injuries!
Something hits you! Something bites you!
Something draws strength from your injuries!
You claw something! You miss something. Something hits you but does no damage.
Something bites you.
Something draws strength from your injuries!
You miss something. Something hits you but does no damage. Something bites you!
* * * LOW HITPOINT WARNING * * *
Something draws strength from your injuries!
You scratch something but do no damage. Something hits you!
* * * LOW HITPOINT WARNING * * *
Something bites you but does no damage.
You closely miss something. Something hits you.
* * * LOW HITPOINT WARNING * * *
Something bites you but does no damage.
You miss something. You block something's attack. Something bites you.
* * * LOW HITPOINT WARNING * * *
Something draws strength from your injuries!
You closely miss something. Something hits you.
You die...

................###
#................#
................##
..............###
(...............#
##.....#........##
##...........##..#
###.........####{#######
###.#....... #@......#
....#.....## ###...###.#
........### #≈≈...≈≈#
.......## #≈..♣..≈#
.###....# #..........#
...#....# #...♣._.♣...#
........# #..........##
.............#≈..♣..≈##
.......#######≈≈...≈≈#


There were no monsters in sight!

Vanquished Creatures
  Sigmund (D:4)
  A phantom (D:6)
  An ice beast (D:6)
  A black bear (D:2)
  A sky beast (D:6)
  A centaur (D:6)
  An ogre (D:6)
  2 howler monkeys (D:5)
  A crimson imp (D:3)
  2 hounds
  3 orc wizards
  2 centaur skeletons
  2 orc priests (D:4)
  Crazy Yiuf (D:3)
  Jessica (D:3)
  An iguana (D:4)
  3 worker ants
  Robin (D:2)
  4 adders
  2 oozes
  An adder skeleton (D:4)
  3 worms
  3 dart slugs
  4 leopard geckos
  20 orcs
  4 giant cockroaches
  19 goblins
  4 hobgoblins
  15 jackals
  4 quokkas
  A ball python (D:1)
  A ball python skeleton (D:5)
  3 bats
  6 frilled lizards
  A jackal skeleton (D:5)
  7 kobolds
  A leopard gecko skeleton (D:4)
  5 rats
134 creatures vanquished.

Vanquished Creatures (others)
  A quokka (D:6)
1 creature vanquished.

Grand Total: 135 creatures vanquished

Notes
Turn   | Place    | Note
-------+----------+-------------------------------------------
     0 | D:1      | Mrkan the Troll Hunter began the quest for the Orb.
     0 | D:1      | Reached XP level 1. HP: 19/19 MP: 0/0
    17 | D:1      | Reached skill level 1 in Unarmed Combat
    28 | D:1      | Reached XP level 2. HP: 19/28 MP: 1/1
   224 | D:1      | Reached skill level 2 in Unarmed Combat
   298 | D:1      | Reached XP level 3. HP: 35/35 MP: 2/2
   804 | D:2      | Reached skill level 3 in Unarmed Combat
   804 | D:2      | Reached XP level 4. HP: 41/44 MP: 3/3
   946 | D:2      | Noticed Robin
   986 | D:2      | Killed Robin
  1265 | D:2      | Noticed a black bear
  1274 | D:2      | Killed a black bear
  1274 | D:2      | Reached skill level 4 in Unarmed Combat
  1274 | D:2      | Reached XP level 5. HP: 23/52 MP: 4/4
  1416 | D:3      | Noticed Jessica
  1444 | D:3      | Killed Jessica
  1449 | D:3      | Reached XP level 6. HP: 55/61 MP: 5/5
  1693 | D:3      | Reached skill level 5 in Unarmed Combat
  1801 | D:3      | Found a runed translucent door.
  1802 | D:3      | Noticed Crazy Yiuf
  1807 | D:3      | Killed Crazy Yiuf
  2039 | D:4      | Found Fanez's Food Shoppe.
  2043 | D:4      | Noticed Sigmund
  2080 | D:4      | Killed Sigmund
  2080 | D:4      | Reached skill level 6 in Unarmed Combat
  2080 | D:4      | Reached XP level 7. HP: 28/68 MP: 6/6
  2548 | D:5      | Entered Level 5 of the Dungeon
  2680 | D:5      | Found a shadowy altar of Dithmenos.
  2705 | D:5      | Became a worshipper of Dithmenos the Shadowed
  2829 | D:5      | Reached skill level 7 in Unarmed Combat
  3047 | D:5      | Found a hazy altar of Hepliaklqana.
  3259 | D:6      | Reached XP level 8. HP: 70/79 MP: 7/7
  3398 | D:6      | Reached skill level 5 in Fighting
  3398 | D:6      | Reached skill level 8 in Unarmed Combat
  3554 | D:6      | Found a basalt altar of Yredelemnul.
  3598 | D:6      | Found a white marble altar of Elyvilon.
  3618 | D:6      | HP: 2/80 [something (6)]
  3619 | D:6      | Slain by a vampire

Levels and vault maps discovered:
D:1:      dpeg_arrival_simpleton_b, layout_rooms
D:2:      layout_loops_ring, uniq_robin
D:3:      layout_rooms, uniq_crazy_yiuf_cottage, uniq_jessica
D:4:      layout_loops_cross, serial_shops, shop, first_ration, uniq_sigmund
D:5:      layout_basic, overflow_temple_1_default,
          nicolae_dithmenos_through_a_glass_darkly
D:6:      layout_cave_pools, kennysheep_little_box, portal_sewer_entry_e,
          serial_column_ruins, column_ruins_courtyard_long_water,
          column_ruins_hut_water, column_ruins_corridor_straight,
          column_ruins_open_tiny, column_ruins_columns_straight,
          column_ruins_open_tiny, column_ruins_grid_1,
          column_ruins_columns_dead_end, elyvilon_altar_4

Skill      XL: |  1  2  3  4  5  6  7  8 |
---------------+-------------------------+-----
Unarmed Combat | 1 2 3 4 6 7 8 |  8.3
Fighting       | 2 3 4 5 |  5.1
Throwing       | |  3.6
Dodging        | |  1.5
Stealth        | |  0.3

Action                   |  1- 3 |  4- 6 |  7- 9 || total
-------------------------+-------+-------+-------++-------
Melee: Unarmed           |   144 |   193 |   166 ||   503
 Stab: Sleeping          |     1 |     1 |       ||     2
  Eat: Chunk             |    13 |    12 |     7 ||    32
Armor: Robe              |    83 |    85 |    53 ||   221
Dodge: Dodged            |    62 |    35 |    28 ||   125
Block: Large shield      |    68 |   134 |    93 ||   295
